 Dungeon Crawl Stone Soup version 0.17-a0-1731-g129c023 (webtiles) character file.

245 kae the Chopper (level 6, -12/51 HPs)
             Began as a Hill Orc Fighter on Aug 29, 2015.
             Mangled by Blork the orc
             ... wielding a cursed -1 dire flail
              (19 damage)
             ... on level 4 of the Dungeon.
             The game lasted 00:02:25 (2838 turns).

kae the Chopper (Hill Orc Fighter)                  Turns: 2838, Time: 00:02:25

Health: -12/51     AC:  8    Str: 21    XL:     6   Next: 10%
Magic:  6/6        EV:  9    Int:  8    God:
Gold:   152        SH:  4    Dex: 10    Spells: 0 memorised, 5 levels left

rFire  . . .     SeeInvis .     a - +0 war axe
rCold  . . .     Clarity  .     b - +0 scale mail
rNeg   . . .     SustAt   .     p - +0 buckler
rPois  .         Gourm    .     (no helmet)
rElec  .         Spirit   .     (no cloak)
rCorr  .         Warding  .     m - +0 pair of gloves
rMut   .         Stasis   .     (no boots)
MR     .....                    (no amulet)
Stlth  ..........               (no ring)
                                (no ring)

@: not resistant to hostile enchantments, extremely unstealthy
A: no striking features
a: no special abilities


You were on level 4 of the Dungeon.
You were not hungry.

You visited 1 branch of the dungeon, and saw 4 of its levels.

You collected 152 gold pieces.

Inventory:

Hand weapons
 a - a +0 war axe (weapon)
Missiles
 h - a throwing net (quivered)
Armour
 b - a +0 scale mail (worn)
 c - a +0 shield
 m - a +0 pair of gloves (worn)
 p - a +0 buckler (worn)
Jewellery
 g - an uncursed amulet of clarity {unknown}
Scrolls
 i - 2 scrolls of amnesia {unknown}
 j - a scroll of remove curse {unknown}
 k - 3 scrolls of enchant weapon {unknown}
 r - a scroll of teleportation {unknown}
 t - a scroll of identify {unknown}
Potions
 d - a potion of might
 n - a potion of flight
 s - a potion of resistance {unknown}
Comestibles
 e - 2 bread rations
 f - a meat ration
 o - a slice of pizza


   Skills:
 - Level 3.6 Fighting
 * Level 7.7 Axes
 - Level 3.2 Armour
 + Level 4.0 Shields


You had 5 spell levels left.
You didn't know any spells.

Dungeon Overview and Level Annotations

Branches:
Dungeon (4/15)
 Temple: D:4-7

Altars:
Ashenzari
The Shining One

Annotations:
D:4 Blork the orc


Message History

You closely miss Blork the orc.
Blork the orc is lightly wounded.
Blork the orc hits you but does no damage.
You hit Blork the orc.
Blork the orc is lightly wounded.
Blork the orc barely misses you.
You barely miss Blork the orc.
Blork the orc is lightly wounded.
The ooze quivers.
Blork the orc hits you with a dire flail!
Blork the orc hits you with a dire flail.
You barely miss Blork the orc.
Blork the orc is lightly wounded.
Blork the orc hits you with a dire flail!
* * * LOW HITPOINT WARNING * * *
Drink which item? (? for menu, Esc to quit)
It was a potion of magic.
Magic courses through your body. Blork the orc barely misses you.
Blork the orc hits you with a dire flail!!
You die...

#..## ..#.###
#.........####### ##...#
#.........### #....#
#...........###### . ##....
#............##... J.###....#
#................. ..[......#
#...............##
.....o...####@...##.........##
.....%...##.o....###..........
............J....# #........>.
.................##........###
...........##..#..........####
.....##############......## #.
#.... # #. #... #.. #### #...


You could see Blork the orc and an ooze.

Vanquished Creatures
  A scorpion (D:4)
  An orc wizard (D:4)
  An orc priest (D:4)
  4 adders
  3 gnolls
  A giant gecko (D:3)
  5 orcs
  8 goblins
  7 hobgoblins
  9 jackals
  9 kobolds
  3 quokkas
  9 bats
  A giant cockroach (D:1)
  6 giant newts
  5 rats
73 creatures vanquished.

Notes
Turn   | Place    | Note
--------------------------------------------------------------
     0 | D:1      | kae the Hill Orc Fighter began the quest for the Orb.
     0 | D:1      | Reached XP level 1. HP: 19/19 MP: 1/1
    65 | D:1      | Reached XP level 2. HP: 26/26 MP: 2/2
   259 | D:1      | Reached skill level 4 in Axes
   429 | D:1      | Found a glowing golden altar of the Shining One.
   527 | D:1      | Reached XP level 3. HP: 29/31 MP: 3/3
   985 | D:2      | Found a faded altar to an unknown god.
   994 | D:2      | Reached skill level 5 in Axes
   996 | D:2      | HP: 1/31 [gnoll/whip (4)]
  1187 | D:2      | Reached XP level 4. HP: 26/39 MP: 4/4
  1428 | D:2      | Reached skill level 6 in Axes
  1847 | D:3      | Reached XP level 5. HP: 40/45 MP: 5/5
  2064 | D:3      | Found a shattered altar of Ashenzari.
  2573 | D:4      | Reached skill level 7 in Axes
  2595 | D:4      | Reached XP level 6. HP: 23/51 MP: 6/6
  2821 | D:4      | Noticed Blork the orc
  2838 | D:4      | Mangled by Blork the orc

Vault maps used:
D:1:      zaba_arrival_water, serial_forest, infiniplex_forest_corner_1,
          infiniplex_forest_straight_2, infiniplex_forest_lined_room_3,
          infiniplex_forest_lined_3, infiniplex_forest_zigzag_1, tso_altar
D:2:      first_bread, ecumenical_altar_1
D:3:      ashenzari_conservatory_becter, fountainhead
D:4:      elyvilon_altar_5, temple_fountains, kennysheep_nub,
          minmay_close_crescents, uniq_blork_the_orc

Action                   |  1- 3 |  4- 6 || total
-------------------------+-------+-------++-------
Melee: War axe           |   120 |   132 ||   252
  Use: Potion            |     1 |     3 ||     4
  Eat: Chunk             |       |     7 ||     7
